[Event "CCT Chessable Masters Place D-I 2024"]
[Site "Online"]
[Date "2024.02.01"]
[Round "2"]
[White "Firouzja, Alireza"]
[Black "Sibelephant"]
[Result "1-0"]
[ECO "D35"]
[WhiteElo "2759"]
[BlackElo "2796"]
[Annotator "RC"]
[PlyCount "101"]
[EventDate "2024.01.12"]
[EventType "k.o."]
[EventCountry "NET"]
[SourceTitle "playchess.com"]
[Source "ChessBase"]
[SourceQuality "1"]
[TimeControl "600+2"]

1. d4 d5 2. c4 e6 3. Nc3 Nf6 4. cxd5 exd5 5. Bg5 c6 6. e3 h6 7. Bh4 Be7 8. Bd3 O-O 9. Nge2 a5 10. O-O Re8 11. Rc1 Nbd7 12. a4 Nh5 13. Bxe7 Qxe7 14. Qd2 Nf8 15. Rce1 Bd7 16. Nc1 Nf6 17. f3 Ne6 18. Bb1 c5 19. Nd3 Bc6 20. Qf2 cxd4 21. exd4 Qd6 22. Re3 Re7 23. Rfe1 Rae8 24. Ba2 Kf8 25. h3 Qd8 26. Re5 Nd7 27. Rxd5 Qb6 28. Nc5 Bxd5 29. Nxd5 Qd8 30. Nxb7 Qb8 31. Nxe7 Qxb7 32. Bxe6 Rxe7 33. Bxd7 Rxd7 34. Qe3 Rd8 35. Qc3 Qb6 36. Re4 Kg8 37. Qc5 Qxb2 38. Qxa5 Qb1+ 39. Kh2 Qb8+ 40. Qe5 Qa7 41. d5 Qc5 42. Rd4 Ra8 43. Qf4 Rd8 44. d6 g5 45. Qf6 Rd7 46. h4 Qc3 47. hxg5 h5 48. g6 fxg6 49. Qxg6+ Rg7 50. Qe8+ Kh7 51. Qxh5+ 1-0

[Event "CCT Chessable Masters Place D-I 2024"]
[Site "Online"]
[Date "2024.02.01"]
[Round "2"]
[White "So, Wesley"]
[Black "Sevian, Samuel"]
[Result "1/2-1/2"]
[ECO "E36"]
[WhiteElo "2757"]
[BlackElo "2697"]
[Annotator "TA"]
[PlyCount "36"]
[EventDate "2024.01.12"]
[EventType "k.o."]
[EventCountry "NET"]
[SourceTitle "playchess.com"]
[Source "ChessBase"]
[SourceQuality "1"]
[TimeControl "600+2"]

1. d4 Nf6 2. c4 e6 3. Nc3 Bb4 4. Qc2 d5 5. a3 Bxc3+ 6. Qxc3 O-O 7. Bg5 h6 8. Bxf6 Qxf6 9. Nf3 dxc4 {[%emt 0:00:05] White has an edge.} 10. Qxc4 Nc6 11. e3 e5 {[%emt 0:00:26] The position is equal.} 12. d5 e4 13. Qxe4 {[%emt 0:00:10][%cal Of1d3] [#] Black must now prevent Bd3!} Qxb2 14. Rd1 (14. Rb1 $5 Qc3+ $8 (14... Qxa3 15. dxc6 Qc3+ 16. Kd1 $18) 15. Nd2 $17) 14... Qc3+ 15. Rd2 Qa1+ 16. Rd1 $1 Qc3+ (16... Qxa3 $2 17. dxc6 Qa5+ 18. Nd2 $18) 17. Rd2 Qa1+ 18. Rd1 $1 Qc3+ {[%emt 0:00:00] A rather calm draw.   Weighted Error Value: White=0.02 (flawless) /Black=0.01 (flawless) .  OK:         	White=7     	Black=6      Best:        	---       	Black=1      Strong:       	White=2     	---} (18... Qxa3 $2 {perishes.} 19. dxc6 Qa5+ 20. Nd2 $18) 1/2-1/2

[Event "CCT Chessable Masters Place D-I 2024"]
[Site "Online"]
[Date "2024.02.01"]
[Round "2"]
[White "AnishGiri"]
[Black "Lazavik, Denis"]
[Result "1/2-1/2"]
[ECO "C54"]
[WhiteElo "2735"]
[BlackElo "2566"]
[Annotator "TA"]
[PlyCount "92"]
[EventDate "2024.01.12"]
[EventType "k.o."]
[EventCountry "NET"]
[SourceTitle "playchess.com"]
[Source "ChessBase"]
[SourceQuality "1"]
[TimeControl "600+2"]

1. e4 e5 2. Nf3 Nc6 3. Bc4 Bc5 4. O-O Nf6 5. d3 d6 6. c3 a6 7. a4 h6 8. Nbd2 O-O 9. Re1 Ba7 10. Nf1 {[%emt 0:00:08] White has an edge.} Re8 11. b4 Be6 12. Bxe6 Rxe6 13. Be3 Bxe3 14. Nxe3 d5 15. Qc2 Qd7 16. g3 Rd8 17. b5 {[%emt 0:00:08] [#] exd5 is the strong threat.} Ne7 18. c4 d4 19. Nd5 Ng6 20. Rab1 axb5 21. axb5 c6 22. bxc6 bxc6 23. Nxf6+ (23. Nb6 $14 Qe7 24. Kg2) 23... Rxf6 $11 24. Nd2 (24. Kg2 $11) 24... Qh3 $19 {[%emt 0:01:01][%cal Og6h4] ( -> ...Nh4!)} 25. Nf1 {[%emt 0:00:03] [#]} Nf4 {[%emt 0:00:35][%csl Gf4][%cal Rh3g2][%mdl 512] Dodges Qe2} 26. f3 (26. gxf4 $2 {perishes.} exf4 27. f3 Rg6+ $19 (27... Qxf3 28. Re2 $17) (27... Qxf3 28. Re2 $17)) 26... Ne6 (26... h5 $19 {[%cal Oh5h4] has better winning chances. Threatens to win with ...h4!} 27. gxf4 Rg6+ 28. Ng3 exf4) 27. Qe2 Nc5 ({Better is} 27... h5 $17 {aiming for ...Ng5.} 28. Qg2 Qxg2+ 29. Kxg2 Kh7) 28. Ra1 $11 Qd7 29. Reb1 Re6 30. Ra5 Qd6 31. Nd2 Ree8 32. Nb3 Nd7 33. Qa2 Rb8 34. Ra7 Qe6 (34... h5 $17) 35. Nd2 Rxb1+ 36. Qxb1 Rb8 37. Qa2 Kh7 38. Ra8 Rxa8 39. Qxa8 {[%emt 0:00:01][%mdl 4096] Endgame. KQN-KQN} Qd6 40. Kf2 Qb4 41. Ke2 {[%emt 0:00:02] The position is equal.} Nc5 42. Qc8 Qc3 43. Qf5+ Kg8 44. Qc8+ Kh7 45. Qf5+ Kg8 {[%emt 0:00:00][%cal Og7g5] ...g5! would now be deadly.} 46. Qc8+ Kh7 {[%emt 0:00:01] Weighted Error Value: White=0.16 (very precise) /Black=0.12 (very precise) .  Loses game:     	White=1     	---        Mistake:       	White=1     	Black=3      Inaccurate:     	White=3     	Black=1      OK:         	White=17    	Black=11     Best:        	White=4     	Black=1} 1/2-1/2

[Event "CCT Chessable Masters Place D-I 2024"]
[Site "Online"]
[Date "2024.02.01"]
[Round "2"]
[White "Sevian, Samuel"]
[Black "So, Wesley"]
[Result "0-1"]
[ECO "D37"]
[WhiteElo "2697"]
[BlackElo "2757"]
[Annotator "TA"]
[PlyCount "82"]
[EventDate "2024.01.12"]
[EventType "k.o."]
[EventCountry "NET"]
[SourceTitle "playchess.com"]
[Source "ChessBase"]
[SourceQuality "1"]
[TimeControl "600+2"]

1. c4 e6 2. Nc3 d5 3. d4 a6 4. cxd5 exd5 5. Nf3 Nf6 6. Bg5 Be6 7. e3 Nbd7 8. h3 {[%emt 0:00:02] White is slightly better.} c6 9. Bd3 Bd6 10. O-O Qc7 11. Qd2 $1 O-O 12. Bf4 Rfe8 13. a3 Nb6 14. Rac1 (14. Bxd6 $11 Qxd6 15. Rad1) 14... Bxf4 $15 15. exf4 Nc4 16. Bxc4 dxc4 17. Rfe1 b5 18. Re5 Nd7 19. Re2 Bd5 {[%emt 0:00:14] White must now prevent ...Bxf3.} 20. Ne5 f6 21. Ng4 (21. Nxd5 $11 cxd5 22. Ng4) 21... Rxe2 22. Nxe2 Re8 23. Ng3 Bf7 24. Nf5 (24. Re1 $15) 24... h5 $17 25. Nh2 Nf8 26. Re1 Rxe1+ 27. Qxe1 Qxf4 ({Better is} 27... Ng6 $19 28. g3 Qd7) 28. Ne7+ Kh7 29. Nxc6 Ng6 (29... Bd5 {seems wilder.} 30. g3 Qd6 31. Ne7 Be6) 30. Qd1 (30. Qe3 $17 {was necessary.}) 30... Qf5 {[%emt 0:00:13] Strongly threatening ...Nf4.} 31. Nf1 Nf4 32. Ne3 {[%emt 0:00:03] Dodges Qd5} Qe4 33. Nb4 {[%emt 0:00:01] White is weak on the light squares} a5 $36 {[%emt 0:00:03][%mdl 2048] Black is really pushing.} 34. Nbc2 Bg6 {[%emt 0:00:13][%cal Of4g2] Black has more active pieces.} 35. Qd2 Nxg2 {[%emt 0:00:10] [#] Hoping for ...Nf4.} 36. d5 $2 (36. f3 {nothing else works.} Nh4 (36... Qxf3 37. Qxg2 Qf4 38. Qf2 $16) 37. fxe4 Nf3+ 38. Kf2 Nxd2 39. e5) 36... Nf4 $19 {[%emt 0:00:15] Black is clearly winning.} 37. d6 Nxh3+ 38. Kh2 Ng5 {[%emt 0:00:01] ( -> ...Qh4+)} 39. Ne1 Qe5+ 40. Kg2 Ne4 41. Qxa5 Qxb2 {[%emt 0:00:09] Weighted Error Value: White=0.52/Black=0.06 (flawless) .  Mistake:       	White=5     	Black=1      Inaccurate:     	White=1     	Black=2      OK:         	White=12    	Black=20     Best:        	White=3     	Black=2      Strong:       	White=1     	---} 0-1

[Event "CCT Chessable Masters Place D-I 2024"]
[Site "Online"]
[Date "2024.02.01"]
[Round "2"]
[White "Mamedov, Rauf"]
[Black "Nepomniachtchi, Ian"]
[Result "0-1"]
[ECO "C48"]
[WhiteElo "2651"]
[BlackElo "2769"]
[Annotator "TA"]
[PlyCount "98"]
[EventDate "2024.01.12"]
[EventType "k.o."]
[EventCountry "NET"]
[SourceTitle "playchess.com"]
[Source "ChessBase"]
[SourceQuality "1"]
[TimeControl "600+2"]

1. e4 e5 2. Nf3 Nf6 3. Nc3 Nc6 4. Bb5 Nd4 5. Bc4 Bc5 6. d3 d6 7. h3 {[%emt 0:00:24] C48: Four Knights: 4 Bb5, replies other than 4...Bb4.} Be6 8. Bxe6 fxe6 9. Na4 Bb4+ 10. c3 Nxf3+ 11. Qxf3 Qd7 $146 ({Predecessor:} 11... Ba5 12. b4 Bb6 13. Nxb6 axb6 14. O-O O-O 15. Qe2 Qe8 16. a3 Qg6 17. Bb2 Nh5 {½-½ Motylev,A (2705)-Wu,K (2301) CHN-chT 6th China 2010 (16)}) 12. Qd1 Ba5 13. b4 Bb6 14. O-O O-O 15. Kh2 h6 16. f4 exf4 17. Bxf4 e5 18. Bg3 Be3 19. Nb2 b5 20. a4 a6 21. Rf3 Bb6 22. Qb3+ (22. a5 $5 Ba7 $8 23. Qe2 $11) 22... Qf7 23. Qxf7+ Kxf7 24. Nd1 Ke6 25. Bf2 Bxf2 26. Rxf2 a5 27. axb5 axb4 28. Rc1 b3 29. Rb1 Nd7 30. Rxf8 Rxf8 31. Kg1 (31. Rxb3 $11 {remains equal.} Ra8 (31... Nc5 32. Ra3 $16) 32. c4) 31... Nc5 $17 32. Nf2 d5 33. exd5+ Kxd5 34. Nd1 Nxd3 35. Rxb3 Kc4 36. Rb1 Rb8 37. Ne3+ (37. Kf1 $17) 37... Kxc3 $19 38. Nd5+ {[%emt 0:00:01] [#]} (38. Ra1 {keeps fighting.}) 38... Kc2 (38... Kd2 $1 $19 {...c6 is the strong threat.} 39. Ra1 (39. Nxc7 $2 {too greedy.} e4 $19) 39... Rxb5 40. Nxc7 Rc5 41. Ra2+ Rc2) 39. Rf1 $2 (39. Ra1 $17 {only move.}) 39... Rxb5 $19 40. Nxc7 Rb7 41. Nd5 Kd2 42. Ra1 e4 43. Ra2+ Rb2 44. Ra7 {[%emt 0:00:01] [#]} Rb5 $2 (44... Rb1+ $1 $19 {has better winning chances.} 45. Kh2 g5) 45. Rd7 $2 (45. Ra2+ $17 Rb2 46. Ra7) 45... Rxd5 46. Rxd5 e3 47. Rd7 e2 48. Re7 e1=Q+ ({Inferior is} 48... e1=B 49. Rxg7 h5 50. g3 $16) 49. Rxe1 Kxe1 0-1

[Event "CCT Chessable Masters Place D-I 2024"]
[Site "Online"]
[Date "2024.02.01"]
[Round "2"]
[White "Sam_ChessMood"]
[Black "Martinez Alcantara, Jose Eduardo"]
[Result "1/2-1/2"]
[ECO "E43"]
[WhiteElo "2651"]
[BlackElo "2610"]
[Annotator "ChessBase"]
[PlyCount "61"]
[EventDate "2024.01.12"]
[EventType "k.o."]
[EventCountry "NET"]
[SourceTitle "playchess.com"]
[Source "ChessBase"]
[SourceQuality "1"]
[TimeControl "600+2"]

1. d4 Nf6 2. c4 e6 3. Nf3 Bb4+ 4. Nc3 b6 5. e3 Bb7 6. Bd3 O-O 7. O-O c5 8. Na4 cxd4 9. exd4 Be7 10. a3 d6 11. b4 Nbd7 12. Bb2 a6 13. Nc3 Rc8 14. Qe2 Re8 15. Rad1 Bf8 16. Rfe1 Qc7 17. Nd2 h6 18. h3 Qb8 19. Qe3 d5 20. Bf1 dxc4 21. Nxc4 Nd5 22. Nxd5 Bxd5 23. Ne5 Nxe5 24. dxe5 Qb7 25. Rd4 Rc2 26. Ba1 Rec8 27. Rg4 g6 28. Bd4 h5 29. Rg3 Kh7 30. Qg5 Bh6 31. Qf6 1/2-1/2

[Event "CCT Chessable Masters Place D-I 2024"]
[Site "Online"]
[Date "2024.02.01"]
[Round "2"]
[White "Martinez Alcantara, Jose Eduardo"]
[Black "Sam_ChessMood"]
[Result "1/2-1/2"]
[ECO "B50"]
[WhiteElo "2610"]
[BlackElo "2653"]
[Annotator "ChessBase"]
[PlyCount "121"]
[EventDate "2024.01.12"]
[EventType "k.o."]
[EventCountry "NET"]
[SourceTitle "playchess.com"]
[Source "ChessBase"]
[SourceQuality "1"]
[TimeControl "600+2"]

1. e4 c5 2. Nf3 d6 3. c3 Nf6 4. h3 g6 5. Bd3 Bg7 6. Bc2 e5 7. d3 O-O 8. Bg5 h6 9. Bxf6 Bxf6 10. Bb3 Nc6 11. Nbd2 Bg7 12. O-O Kh7 13. a3 f5 14. Ba2 a5 15. a4 f4 16. Re1 g5 17. Nh2 Bd7 18. Bd5 Be8 19. Qb3 Rb8 20. Kf1 Ne7 21. Bc4 h5 22. Ke2 Bf6 23. Rh1 Kg7 24. Rag1 Bg6 25. g4 h4 26. Nhf3 Nc6 27. Ra1 Qc7 28. Rhe1 Rfd8 29. Kf1 Ne7 30. Kg2 Qc6 31. Bd5 Qc7 32. Be6 Qc6 33. Bc4 Qc7 34. Rac1 Nc6 35. Qa2 Qd7 36. Be6 Qe7 37. Bd5 Qc7 38. Nc4 Ne7 39. Be6 Nc6 40. Na3 Qe7 41. Bd5 Qd7 42. Nc4 Qc7 43. Na3 Qd7 44. Qb3 Qc7 45. Nc4 Ne7 46. Nb6 Nxd5 47. Nxd5 Bf7 48. Nxc7 Bxb3 49. c4 Rd7 50. Ne6+ Kg6 51. Ra1 Re8 52. Nexg5 Bxg5 53. Ra3 b5 54. Rxb3 b4 55. Kf1 Rde7 56. Ke2 Re6 57. Rg1 R6e7 58. Rh1 Re6 59. Rg1 R6e7 60. Rh1 Re6 61. Rg1 1/2-1/2

[Event "CCT Chessable Masters Place D-I 2024"]
[Site "Online"]
[Date "2024.02.01"]
[Round "2"]
[White "Lazavik, Denis"]
[Black "AnishGiri"]
[Result "1/2-1/2"]
[ECO "E05"]
[WhiteElo "2566"]
[BlackElo "2736"]
[Annotator "TA"]
[PlyCount "81"]
[EventDate "2024.01.12"]
[EventType "k.o."]
[EventCountry "NET"]
[SourceTitle "playchess.com"]
[Source "ChessBase"]
[SourceQuality "1"]
[TimeControl "600+2"]

1. d4 Nf6 2. c4 e6 3. Nf3 d5 4. g3 Be7 5. Bg2 O-O 6. O-O dxc4 7. Qc2 a6 8. a4 Bd7 9. Qxc4 Bc6 10. Bg5 Nbd7 11. Nc3 h6 12. Bxf6 Nxf6 13. Rfd1 a5 14. Qb3 Qb8 15. e3 Rd8 16. Ne5 Bxg2 17. Kxg2 c5 18. Nb5 cxd4 19. exd4 Nd5 20. Qf3 Bf6 {[%emt 0:00:04] The position is equal.} 21. Ng4 Rd7 22. Rac1 Qd8 23. h4 Rc8 24. Rxc8 Qxc8 25. Nc3 Qc6 26. Ne4 h5 (26... Qxa4 27. Nc5 (27. Nexf6+ gxf6 28. Nxh6+ Kg7 $15) 27... Qb5 28. Nxd7 Qxd7 29. Kg1 $14) 27. Ngxf6+ Nxf6 28. Nxf6+ gxf6 29. Qxc6 bxc6 $11 {[%emt 0:00:01][%mdl 4096] Endgame. KR-KR} 30. Rc1 Rxd4 31. b3 Rd3 32. Rxc6 Rxb3 {[%emt 0:00:01] [#] Threatens to win with ...Rb4.} 33. Rc5 Ra3 34. Rxa5 f5 35. Ra7 Kg7 36. a5 e5 37. Ra6 e4 38. Ra8 Ra2 39. Kf1 Kf6 40. Ra7 Kg6 41. a6 {[%emt 0:00:09] An interesting draw.   Weighted Error Value: White=0.04 (flawless) /Black=0.03 (flawless) .  OK:         	White=10    	Black=16} 1/2-1/2